 Dungeon Crawl Stone Soup version 0.16-a0-3940-gf8a207b (console) character file.

3863 Fusha the Summoner (level 9, -8/37 HPs)
             Began as a Felid Summoner on Feb 7, 2015.
             Was a Priest of Fedhas.
             Mangled by a yak (18 damage)
             ... on level 1 of the Lair of Beasts.
             The game lasted 00:59:19 (14584 turns).

Fusha the Summoner (Felid Summoner)                Turns: 14584, Time: 00:59:19

Health: -8/37      AC:  2    Str:  4    XL:     9   Next: 99%
Magic:  23/36      EV: 22    Int: 20    God:    Fedhas [***...]
Gold:   528        SH:  0    Dex: 16    Spells: 5 memorised, 7 levels left
                                        Lives:  0   Deaths: 2

rFire  . . .     SeeInvis +       - Unarmed
rCold  . . .     Clarity  .     (armour unavailable)
rNeg   + . .     SustAb   .     (shield unavailable)
rPois  .         Gourm    .     (helmet unavailable)
rElec  .         Spirit   .     (cloak unavailable)
rCorr  .         Warding  .     (gloves unavailable)
rMut   .         Stasis   .     (boots unavailable)
MR     +....                    (no amulet)
Stlth  ++++......               t - ring of positive energy
                                o - ring of magical power

@: quick, somewhat resistant to hostile enchantments, stealthy
A: paw claws, no armour, no weapons or thrown items, fangs 3, see invisible,
carnivore 3, speed 1, shaggy fur 2, slow metabolism 1
a: Evolution, Sunlight, Growth, Renounce Religion


You were on level 1 of the Lair of Beasts.
You worshipped Fedhas.
Fedhas was most pleased with you.
You were completely stuffed.

You visited 2 branches of the dungeon, and saw 10 of its levels.

You collected 528 gold pieces.

Inventory:

Jewellery
 g - an uncursed amulet of stasis
 o - a ring of magical power (left paw)
 t - a ring of positive energy (right paw)
Magical devices
 n - a wand of cold (4)
 p - a wand of flame (0)
 y - a wand of fireball (5)
Scrolls
 d - 2 scrolls of amnesia
 f - 8 scrolls of remove curse
 h - a scroll of enchant armour
 i - a scroll of enchant weapon
 j - a scroll of fear
 l - a scroll of immolation
 q - a scroll of blinking
 r - a scroll of fog
 w - a scroll of teleportation
 A - a scroll of identify
Potions
 a - 3 potions of haste
 e - a potion of poison
 k - a potion of restore abilities
 s - a potion of curing
 u - 3 potions of might
 v - a potion of heal wounds
 x - a potion of cure mutation
 z - a potion of cancellation
Books
 b - a book of Callings

   Spells                             Type                      Level
   a - Summon Small Mammal            Summoning                    1
   b - Call Imp                       Summoning                    2
   c - Call Canine Familiar           Summoning                    3
   d - Summon Guardian Golem          Hexes/Summoning              4
   e - Summon Lightning Spire         Summoning/Air                4
   f - Summon Ice Beast               Ice/Summoning                4
Comestibles
 c - 4 meat rations
 m - 4 fruits


   Skills:
 + Level 3.0 Fighting
 + Level 7.1 Dodging
 + Level 5.3 Stealth
 + Level 3.3 Unarmed Combat
 + Level 8.2 Spellcasting
 * Level 9.7 Summonings
 + Level 0.4 Invocations
 + Level 1.7 Evocations


You had 7 spell levels left.
You knew the following spells:

 Your Spells              Type           Power        Failure   Level  Hunger
a - Summon Ice Beast      Ice/Summ       ####....     14%         4    ###....
b - Call Imp              Summ           #####...     1%          2    None
c - Call Canine Familiar  Summ           #####...     1%          3    None
d - Summon Guardian Gole  Hex/Summ       ####....     14%         4    ###....
e - Summon Lightning Spi  Summ/Air       ####....     14%         4    ###....


Dungeon Overview and Level Annotations

Branches:
Dungeon (9/15)             Temple (0/1) D:7            Lair (1/8) D:8
    Orc: D:9-12

Altars:
Fedhas
Nemelex Xobeh
Okawaru
Qazlal
Ru
The Shining One

Shops:
D:4 %


Innate Abilities, Weirdness & Mutations

You cannot wear armour.
You are incapable of wielding weapons or throwing items.
Your paws have sharp claws.
You have razor-sharp teeth.
You have supernaturally acute eyesight.
You are carnivorous and can eat meat at any time.
You cover ground quickly.
You are covered in thick fur (AC +2).
You have a slow metabolism.


Message History

Your wolf completely misses the yak.
The yak misses you. The yak barely misses your wolf.
Your wolf bites the yak but does no damage.
You barely miss the yak.
The yak is heavily wounded.
Your wolf bites the yak.
The yak misses your wolf. The yak barely misses your wolf.
Your wolf barely misses the yak.
You scratch the yak but do no damage.
The yak is severely wounded.
The yak gores you!
* * * LOW HITPOINT WARNING * * *
Your wolf closely misses the yak.
The yak barely misses your crimson imp. The yak barely misses your wolf.
Your wolf bites the yak.
The yak gores your crimson imp!
Your crimson imp dies!
The yak gores your wolf!
Your wolf barely misses the yak.
Your wolf barely misses the yak.
The yak gores you!!
You die...
Fedhas appreciates your contribution to the ecosystem.

#..........#...
##.......(#.# .
###.........###
#...........## ##
#....÷.......###
...#########............#
#........YY.h.÷.......##
####.....####Y........##
#...### #.@........#
##....# ##.##.....##
##Y..####...##...##
#.5.#.###..######
#...Y#####(####
###.5.#..#....#####
#..YY....P.......#
##......P######..
##......##


You could see a yak and a friendly wolf.

Vanquished Creatures
  The ghost of ConnectionFaild the Spear-Bearer, an experienced MfBe of Trog (D:4)
  2 wolves (D:8)
  A sky beast (D:5)
  A slave (D:5)
  A phantom (D:4)
  A necrophage (D:7)
  2 giant frogs
  A crimson imp (D:5)
  A giant frog zombie (D:8)
  A hound (D:5)
  A hound skeleton (D:5)
  2 adders
  2 river rats (D:5)
  5 shadow imps
  2 white imps (D:5)
  A worm (D:6)
  An ooze (D:1)
  13 orcs
  8 bats
  4 giant cockroaches
  9 hobgoblins
  3 quokkas
  3 ball pythons
  4 giant geckos
  A giant gecko zombie (D:6)
  4 giant newts
  15 goblins
  A jackal (D:1)
  A jackal skeleton (D:4)
  9 kobolds
  2 quokka zombies
  17 rats
120 creatures vanquished.

Vanquished Creatures (collateral kills)
  Pikel (D:5)
  A hill giant (D:8)
  The ghost of timbw the Chopper, an experienced HuBe of Trog (D:8)
  A spiny frog (Lair:1)
  Grinder (D:5)
  3 hungry ghosts
  Eustachio (D:5)
  A yak (Lair:1)
  Grum (D:8)
  A hippogriff (D:8)
  A wolf (D:8)
  A sky beast (D:6)
  3 orc warriors
  4 ogres
  A porcupine (Lair:1)
  2 black bears (D:8)
  3 slaves (D:5)
  4 centaurs
  A big kobold (D:8)
  A wyvern zombie (D:8)
  Blork the orc (D:6)
  2 giant frogs
  6 scorpions
  3 wights (D:6)
  A killer bee (D:7)
  A goliath beetle (D:6)
  6 crimson imps
  3 quasits
  4 hounds
  A jelly (D:6)
  4 orc priests
  A giant frog skeleton (D:6)
  11 orc wizards
  4 worker ants
  8 gnolls
  3 river rats (D:5)
  8 adders
  12 shadow imps
  2 giant mites
  A white imp (D:5)
  2 worms (D:4)
  3 ufetubi (D:5)
  2 adder zombies
  An adder skeleton (D:5)
  An ooze (D:5)
  22 orcs
  A ball python (D:3)
  4 goblins
  7 hobgoblins
  9 bats
  A giant cockroach (D:3)
  3 giant geckos
  A giant newt (D:2)
  3 jackals (D:1)
  6 kobolds
  7 quokkas
  7 rats
195 creatures vanquished.

Vanquished Creatures (others)
  16 wolves
  21 crimson imps
  3 iron imps (D:5)
  76 hounds
  28 white imps
  A wandering mushroom (D:5)
  3 bats (D:1)
  A quokka (D:1)
  3 rats (D:1)
  139 toadstools
291 creatures vanquished.

Grand Total: 606 creatures vanquished

Notes
Turn   | Place    | Note
--------------------------------------------------------------
     0 | D:1      | Fusha, the Felid Summoner, began the quest for the Orb.
     0 | D:1      | Reached XP level 1. HP: 7/7 MP: 4/4
   708 | D:1      | Reached XP level 2. HP: 9/11 MP: 5/5
  1242 | D:1      | Learned a level 2 spell: Call Imp
  1956 | D:2      | Reached XP level 3. HP: 2/14 MP: 0/8
  2519 | D:2      | Found a blossoming altar of Fedhas.
  2528 | D:2      | Became a worshipper of Fedhas Madash
  3501 | D:3      | Reached XP level 4. HP: 12/18 MP: 0/11
  3506 | D:3      | Learned a level 3 spell: Call Canine Familiar
  3651 | D:3      | Found a sparkling altar of Nemelex Xobeh.
  4117 | D:3      | Found a glowing golden altar of the Shining One.
  4648 | D:3      | Succumbed to an adder's poison
  4649 | D:3      | Reached XP level 3. HP: 0/14 MP: 15/18
  4778 | D:4      | Noticed a phantom
  5078 | D:4      | Reached XP level 4. HP: 16/18 MP: 12/12
  5121 | D:4      | Found Evaisagh's Food Shoppe.
  5186 | D:4      | Noticed a scorpion
  5223 | D:4      | Reached skill level 1 in Fighting
  5224 | D:4      | Killed a scorpion
  5224 | D:4      | Reached XP level 5. HP: 20/22 MP: 14/14
  5271 | D:4      | Noticed ConnectionFaild's ghost (experienced MfBe)
  5473 | D:4      | Acquired Fedhas' first power
  5514 | D:4      | Found a sacrificial altar of Ru.
  5739 | D:4      | Reached skill level 1 in Unarmed Combat
  5798 | D:4      | Reached skill level 5 in Summonings
  5942 | D:4      | Found a sacrificial altar of Ru.
  6081 | D:4      | Noticed an ogre
  6126 | D:5      | Entered Level 5 of the Dungeon
  6126 | D:5      | Noticed a centaur
  6133 | D:5      | Killed a centaur
  6262 | D:5      | Gained mutation: You are covered in thick fur (AC +2). [growing up]
  6262 | D:5      | Reached XP level 6. HP: 7/25 MP: 17/17
  6992 | D:5      | Noticed a slave
  6997 | D:5      | Noticed a slave
  6997 | D:5      | Noticed a slave
  7001 | D:5      | Noticed Grinder
  7149 | D:4      | Found Evaisagh's Food Shoppe.
  7204 | D:4      | Killed a phantom
  7426 | D:4      | Killed ConnectionFaild's ghost
  7426 | D:4      | Reached skill level 5 in Dodging
  7426 | D:4      | Reached skill level 1 in Evocations
  7426 | D:4      | Reached XP level 7. HP: 14/28 MP: 20/20
  7652 | D:5      | Slain by a slave
  7653 | D:5      | Reached XP level 6. HP: -2/25 MP: 22/27
  7711 | D:5      | Killed a slave
  7719 | D:5      | Killed a slave
  7764 | D:5      | Noticed Eustachio
  8192 | D:5      | Noticed Pikel
  8194 | D:5      | Noticed a slave
  8222 | D:5      | Killed a slave
  8235 | D:5      | Killed a slave
  8248 | D:5      | Killed Pikel
  8248 | D:5      | Reached skill level 5 in Spellcasting
  8248 | D:5      | Reached skill level 6 in Summonings
  8248 | D:5      | Reached XP level 7. HP: 21/29 MP: 9/21
  8729 | D:5      | Killed Grinder
  8750 | D:5      | Noticed an ogre
  8758 | D:5      | Killed an ogre
  8828 | D:5      | Found an iron altar of Okawaru.
  8881 | D:5      | Noticed a centaur
  8898 | D:5      | Killed a centaur
  8976 | D:5      | Noticed a sky beast
  9017 | D:5      | Killed a sky beast
  9399 | D:5      | Found an iron altar of Okawaru.
  9549 | D:5      | Killed Eustachio
  9549 | D:5      | Reached XP level 8. HP: 26/33 MP: 22/24
 10140 | D:6      | Reached skill level 7 in Summonings
 10508 | D:6      | Acquired Fedhas' second power
 10575 | D:6      | Noticed Blork the orc
 10589 | D:6      | Killed Blork the orc
 11501 | D:7      | Reached skill level 5 in Stealth
 11850 | D:7      | Found a staircase to the Ecumenical Temple.
 11994 | D:7      | Reached XP level 9. HP: 5/37 MP: 26/26
 12408 | D:7      | Reached skill level 8 in Summonings
 12416 | D:7      | Learned a level 4 spell: Summon Ice Beast
 12421 | D:7      | Learned a level 4 spell: Summon Guardian Golem
 12426 | D:7      | Learned a level 4 spell: Summon Lightning Spire
 12593 | D:8      | Found a staircase to the Lair.
 13077 | D:8      | Noticed timbw's ghost (experienced HuBe)
 13217 | D:8      | Killed timbw's ghost
 13273 | D:8      | Noticed Grum
 13307 | D:8      | Killed Grum
 13422 | D:8      | Noticed a hill giant
 13496 | D:8      | Killed a hill giant
 13496 | D:8      | Reached skill level 9 in Summonings
 13500 | D:8      | Acquired Fedhas' third power
 14168 | D:8      | Found a stormy altar of Qazlal.
 14430 | Lair:1   | Entered Level 1 of the Lair of Beasts
 14468 | Lair:1   | Noticed a spiny frog
 14499 | Lair:1   | Killed a spiny frog
 14584 | Lair:1   | Mangled by a yak

Action                   |  1- 3 |  4- 6 |  7- 9 || total
-------------------------+-------+-------+-------++-------
Melee: Unarmed           |   168 |   173 |   320 ||   661
 Cast: Summon Small Mamm |    15 |       |       ||    15
       Call Imp          |    20 |    42 |   105 ||   167
       Call Canine Famil |     2 |    38 |   100 ||   140
Invok: Evolution         |       |     1 |       ||     1
Evoke: Wand              |       |    12 |       ||    12
  Use: Scroll            |     6 |     1 |     7 ||    14
       Potion            |       |     4 |     2 ||     6
 Stab: Sleeping          |     6 |     8 |     5 ||    19
       Distracted        |       |     2 |     4 ||     6
  Eat: Chunk             |    19 |    13 |    21 ||    53
       Beef jerky        |       |     1 |       ||     1
       Royal jelly       |       |       |     1 ||     1
